 Dungeon Crawl Stone Soup version 0.26-a0-708-g17f3b190f9 (webtiles) character file.

Game seed: 8225593096213398437

76 karrick the Chopper (level 4, 34/34 HPs)
             Began as a Demonspawn Gladiator on Oct 28, 2020.
             Quit the game on level 3 of the Dungeon.
             The game lasted 00:02:06 (1882 turns).

karrick the Chopper (Demonspawn Gladiator)          Turns: 1882, Time: 00:02:07

Health: 34/34      AC:  4    Str: 15    XL:     4   Next: 12%
Magic:  4/4        EV: 13    Int: 10    God:
Gold:   102        SH:  5    Dex: 14    Spells: 3/3 levels left

rFire    . . .     SeeInvis .   a - +0 war axe
rCold    . . .     Faith    .   (no shield)
rNeg     . . .     Spirit   .   b - +0 leather armour
rPois    .         Reflect  +   c - +0 helmet
rElec    .         Harm     .   (no cloak)
rCorr    .         Rampage  .   (no gloves)
MR       .....                  (no boots)
Stlth    +.........             s - amulet of reflection
HPRegen  0.11/turn              (no ring)
MPRegen  0.09/turn              (no ring)

@: no status effects
A: hooves 1, spiny 1
a: no special abilities


You were on level 3 of the Dungeon.
You visited 1 branch of the dungeon, and saw 3 of its levels.

You collected 102 gold pieces.

Inventory:

Hand Weapons
 a - a +0 war axe (weapon)
Missiles
 d - 3 throwing nets (quivered)
Armour
 b - a +0 leather armour (worn)
 c - a +0 helmet (worn)
 i - a +2 kite shield
Jewellery
 s - an amulet of reflection (around neck)
Scrolls
 e - 3 scrolls of remove curse {unknown}
 g - a scroll of teleportation {unknown}
 h - a scroll of enchant weapon {unknown}
 l - 3 scrolls of magic mapping {unknown}
 m - a scroll of immolation {unknown}
 n - a scroll of random uselessness {unknown}
 p - a scroll of amnesia {unknown}
Potions
 f - a potion of mutation {unknown}
 j - a potion of degeneration {unknown}
 k - 2 potions of invisibility {unknown}
 o - 2 potions of curing {unknown}
 q - a potion of brilliance {unknown}
 r - a potion of ambrosia {unknown}


   Skills:
 + Level 2.4 Fighting
 + Level 3.7 Axes
 + Level 1.9 Throwing
 + Level 0.8 Armour
 + Level 3.0 Dodging
 + Level 0.4 Stealth


You had 3 spell levels left.
You didn't know any spells.
Your spell library was empty.

Dungeon Overview and Level Annotations

Branches:
Dungeon (3/15)

Altars:
Wu Jian

Annotations:
D:2 Sigmund


Innate Abilities, Weirdness & Mutations

You have large cloven feet.
You are partially covered in sharp spines.


Message History

Found 18 arrows.
You start putting on your amulet.
You continue putting on your blackened cameo amulet. x5
You finish putting on your uncursed amulet of reflection.
You feel a shielding aura gather around you.
s - an amulet of reflection (around neck)
An adder comes into view.
The adder hisses angrily.
An adder is nearby!
Found 19 sling bullets.
You hit the adder.
The adder is heavily wounded.
The adder is struck by your spines. The adder misses you.
The adder completely misses you.
You hit the adder.
You kill the adder!
You have reached level 4!
You feel stronger.
Your demonic ancestry asserts itself...
Your feet thicken and deform.
Are you sure you want to abandon this character and quit the game? (Confirm with "yes".)

≈♣≈≈..........# #................
≈≈≈≈.......########.########.....
≈≈≈...#.>..........<.............
.....##############.########.....
....######........#.# ######
.............####.#.#
#..........#.#....#.#
############.#.#..#.# #.# #@.#.#
#.# #..#.# #.# #..# ... ...# .(.#
....# ....# .(...#


There were no monsters in sight!

Vanquished Creatures
  An adder (D:3)
  An ooze (D:1)
  2 worms
  2 dart slugs
  A leopard gecko (D:1)
  A ball python (D:2)
  5 giant cockroaches
  4 goblins
  5 hobgoblins
  2 quokkas
  9 bats
  5 frilled lizards
  9 kobolds
  2 rats
49 creatures vanquished.

Notes
Turn   | Place    | Note
-------+----------+-------------------------------------------
     0 | D:1      | karrick the Demonspawn Gladiator began the quest for the
                  | Orb.
     0 | D:1      | Reached XP level 1. HP: 16/16 MP: 1/1
   321 | D:1      | Gained mutation: You are partially covered in sharp spines.
                  | [demonic ancestry]
   321 | D:1      | Reached XP level 2. HP: 21/22 MP: 2/2
  1091 | D:2      | Reached XP level 3. HP: 27/27 MP: 3/3
  1100 | D:2      | Noticed Sigmund
  1171 | D:2      | Found an ornate altar of the Wu Jian Council.
  1881 | D:3      | Gained mutation: You have large cloven feet. [demonic
                  | ancestry]
  1881 | D:3      | Reached XP level 4. HP: 34/34 MP: 4/4
  1882 | D:3      | Quit the game

Illustrated notes

Levels and vault maps discovered:
D:1:      sevenhm_arrival_forest_fort_large_2, layout_basic
D:2:      layout_loops_ring, lemuel_altar_in_water, uniq_sigmund
D:3:      layout_basic, elyvilon_altar_3

Skill      XL: |  1  2  3 |
---------------+----------+-----
Axes           | 3 |  3.7
Dodging        | 3 |  3.0
Fighting       | |  2.4
Throwing       | |  1.9
Armour         | |  0.8
Stealth        | |  0.4

Action                   |  1- 3 |  4- 6 || total
-------------------------+-------+-------++-------
Melee: War axe           |    82 |       ||    82
 Stab: Sleeping          |     3 |       ||     3
Armor: Leather armour    |    23 |       ||    23
Dodge: Dodged            |    53 |       ||    53

Table legend: (Time is in decaauts)
 A = Elapsed time spent in this place.
 B = Non-inter-level travel time spent in this place.
 C = Inter-level travel time spent in this place.
 D = Time resting spent in this place.
 E = Time spent auto-exploring this place.
 F = Levels seen in this place.
 G = Mean time per level.
                   A        B        C        D        E       F      G
               +--------+--------+--------+--------+--------+-----+--------+
         Total |   1911 |   1834 |     77 |    158 |   1351 |   3 |  637.0 |
       Dungeon |   1911 |   1834 |     77 |    158 |   1351 |   3 |  637.0 |
               +--------+--------+--------+--------+--------+-----+--------+

Top non-repeatable levels by time:
     D:1: 1073 daAuts
     D:3: 543 daAuts
     D:2: 294 daAuts
